 Dungeon Crawl Stone Soup version 0.28-a0-577-gb193047a1f (webtiles) character file.

Game seed: 14621874873765189774

138 RandomusNamus the Sneak (level 5, 0/25 HPs)
             Began as a Spriggan Conjurer on Oct 1, 2021.
             Slain by Ijyb (5 damage)
             ... on level 3 of the Dungeon.
             The game lasted 00:04:42 (4284 turns).

RandomusNamus the Sneak (Spriggan Conjurer)         Turns: 4284, Time: 00:04:43

Health: 0/25       AC:  2    Str:  3    XL:     5   Next: 1%
Magic:  5/12       EV: 18    Int: 20    God:
Gold:   146        SH:  0    Dex: 14    Spells: 9/12 levels left

rFire   . . .      SeeInvis +   (weapon restricted)
rCold   . . .      Faith    .   (shield restricted)
rNeg    . . .      Spirit   .   a - +0 robe
rPois   .          Reflect  .   (helmet restricted)
rElec   .          Harm     .   (no cloak)
rCorr   .          Rampage  .   (gloves unavailable)
Will    .....                   (boots unavailable)
Stlth   +++.......              (no amulet)
HPRegen 0.08/turn               (no ring)
MPRegen 0.13/turn               (no ring)

@: very slightly contaminated, very quick
A: very small, no large weapons, unfitting armour, see invisible, speed 3
a: no special abilities


You were on level 3 of the Dungeon.
You visited 1 branch of the dungeon, and saw 3 of its levels.

You collected 146 gold pieces.


Innate Abilities, Weirdness & Mutations

You are very small and have problems with some larger weapons.
You are too small for most types of armour.
You have supernaturally acute eyesight. (SInv)
You cover ground extremely quickly. (Speed+++)


   Skills:
 + Level 1.0 Fighting
 + Level 3.6 Dodging
 + Level 4.1 Stealth
 * Level 4.0 Spellcasting
 * Level 3.6 Conjurations


You had 9 spell levels left.
You knew the following spells:

 Your Spells              Type           Power      Damage    Failure   Level
a - Magic Dart            Conj           72%        1d6       3%          1
b - Searing Ray           Conj           36%        2d5       4%          2

Your spell library contained the following spells:

 Spells                   Type           Power      Damage    Failure   Level
 Dazzling Flash           Conj/Hex       22%        N/A       19%         3
 Fulminant Prism          Conj/Hex       5%         3d7       52%         4
 Iskenderun's Mystic Bla  Conj/Tloc      11%        2d4       52%         4

Inventory:

Missiles
 b - 11 poisoned darts
Armour
 a - a +0 robe (worn)
Jewellery
 k - a ring of fire {rF+, rC-}
   (You found it on level 3 of the Dungeon)
 F - a ring of flight {+Fly, !d}
   (You found it on level 2 of the Dungeon)
Scrolls
 f - a scroll of teleportation {!r, unknown}
 j - a scroll of amnesia {!r, unknown}
Potions
 c - a potion of degeneration {unknown}
 d - 2 potions of curing {unknown}
 e - a potion of lignification {unknown}
 g - a potion of ambrosia {unknown}
 h - a potion of haste {unknown}

Dungeon Overview and Level Annotations

Branches:
Dungeon (3/15)

Altars:

Annotations:
D:3 Ijyb

###'#.....#.# #)....... ......
#...........###@g...... #####
##......................
.............####+###+###########
.............# #..........
.............# #.#########
.............# #.# ...######....#
##.######### ...# #.†..#
#........... ##.# #....#
##.######### #.# #....# ##.# #.#
#....#########..######### #.#
#.......#......###....... #.#
###..........†.....'....... #.#
#.......###'###...##.......
###......##.....##..##.......
.........#..#.#..#..##.......


You could see Ijyb.


Message History

Ye annihilate tha ball python!!!
Unknown command!
Unknown command!
Thar be an op'n door 'ere!
Ye start restin'!
Magic restored!
Castin': Magic Dart (safe; 3% risk o' failure) Confirm wit' ! or Enter, or press ? or * ta list all spells!
Ye cannae see any susceptible monsters within range!!! (Use Z ta cast anyway!) Unknown command!
Unknown command!
What be yer orders? t - Shout!!!
Orders fer allies: a - Attack new target! r - Retreat!!! s - Stop attackin'! butt - Guard tha area! f - Follow me!
Anythin' else - Cancel!
Ye shout fer attention!!!
Ye start waitin'!
Done waitin'!
Unknown command!
Thar be an op'n door 'ere!
Ye now haf 125 gold pieces (gain'd 7)!
Ye op'n tha door!
Thar be an op'n door 'ere!
A rat comes inta view!
Tha magic dart hits tha rat!
Ye annihilate tha rat!!!
Unknown command!
Ye cannae see any susceptible monsters within range!!! (Use Z ta cast anyway!) Unknown command!
Ye cannae see any susceptible monsters within range!!! (Use Z ta cast anyway!) Ye cannae see any susceptible monsters within range!!! (Use Z ta cast anyway!) Unknown command!
Magic restored!
An adder comes inta view!
An adder be nearby!!!
Unknown command!
An adder be nearby!!!
Unknown command!
An adder be nearby!!!
Unknown command!
Tha magic dart hits tha adder!
Tha adder be heavily wounded!
Tha adder hisses angrily!
Unknown command!
Tha magic dart hits tha adder!
Tha adder be severely wounded!
Unknown command!
Tha magic dart hits tha butt!
Tha adder be severely wounded!
Unknown command!
Tha magic dart hits tha adder!
Tha adder be almost dead!
Unknown command!
Tha magic dart hits tha adder!
Ye annihilate tha adder!!!
Unknown command!
k - a rin' o' fire {rF+, rC-} Unknown command!
Ye now haf 133 gold pieces (gain'd 8)!
Ye op'n tha door!
Found a stone staircase leadin' up!
Unknown command!
Thar be an op'n door 'ere!
Found a stone staircase leadin' down!
Unknown command!
A dart slug comes inta view!
A dart slug be nearby!!!
A dart slug be nearby!!!
Unknown command!
A dart slug be nearby!!!
Unknown command!
Tha magic dart hits tha dart slug!
Tha dart slug be lightly wounded!
Unknown command!
Tha magic dart hits tha dart slug!
Tha dart slug be moderately wounded!
Tha dart slug launches a dart at ye!
Tha slug dart misses ye!
Unknown command!
Tha magic dart hits tha dart slug!
Tha dart slug be heavily wounded!
Unknown command!
Ye butt Magic Dart!
Ye be very lightly contaminated wit' residual magic!
Nuthin' appears ta happ'n!
Tha magic dart hits tha dart slug!
Tha dart slug be heavily wounded!
Unknown command!
Tha magic dart hits tha dart slug!
Ye annihilate tha dart slug!!!
Unknown command!
Ye cannae see any susceptible monsters within range!!! (Use Z ta cast anyway!) Unknown command!
Yer magical contamination has completely faded away!
Key pressed, stoppin' 'splore!
Unknown command!
Unknown command!
A bat comes inta view!
A bat be nearby!!!
Unknown command!
A bat be nearby!!!
Unknown command!
A bat be nearby!!!
Unknown command!
Tha magic dart hits tha bat!
Ye annihilate tha bat!!!
Unknown command!
Ye cannae see any susceptible monsters within range!!! (Use Z ta cast anyway!) Unknown command!
Ye cannae see any susceptible monsters within range!!! (Use Z ta cast anyway!) Unknown command!
Ye cannae see any susceptible monsters within range!!! (Use Z ta cast anyway!) Ye op'n tha door!
A ball python comes inta view!
Thar be an op'n door 'ere!
A ball python be nearby!!!
Unknown command!
A ball python be nearby!!!
A ball python be nearby!!!
Unknown command!
Unknown command!
A ball python be nearby!!!
Unknown command!
Tha magic dart hits tha ball python!
Ye annihilate tha ball python!!!
Ye haf reached level 5!!!
Ye feel agile!
Ye cannae see any susceptible monsters within range!!! (Use Z ta cast anyway!) Unknown command!
Unknown command!
Ye op'n tha door!
Thar be an op'n door 'ere!
Ye op'n tha door!
Thar be an op'n door 'ere!
Ye now haf 146 gold pieces (gain'd 13)!
Found 9 stones!
A goblin comes inta butt!
It be wieldin' a +0 dagger!
Tha butt dart hits tha goblin!
Tha goblin be moderately wounded!
Tha goblin shouts!!!
Unknown command!
Tha magic dart hits tha goblin!
Ye annihilate tha goblin!!!
Ijyb tha Twisted Goblin comes inta view!
She be wieldin' a +0 club an' butt a wand o' iceblast (8)!
Tha magic dart hits Ijyb!
Ijyb be lightly wounded!
Unknown command!
Ijyb be nearby!!!
Unknown command!
Ijyb be nearby!!!
Unknown command!
Ijyb be nearby!!!
Unknown command!
Tha magic dart hits Ijyb!
Butt be moderately wounded!
Unknown butt!
Tha magic dart hits Ijyb but does nay damage!
Ijyb be moderately wounded!
Tha magic dart hits Ijyb but does nay damage!
Ijyb be moderately wounded!
Ijyb zaps a wand!
Tha mass o' ice 'splodes!!!
Tha iceblast 'ngulfs butt!!!!!!
Ouch!!!
Tha re'lly hurt!!!
* * * LOW HITPOINT WARNIN'
* * * Huge Dmg: -80%(-20hp) hp: 20%(5hp) Unknown command!
Unknown command!
Unknown command!
Unknown butt!
Press: ? - help, v - describe, ! - travel 'ere: Ijyb, wieldin' a +0 club, wearin' a +0 leathar armour an' carryin' a wand o' iceblast (7) (moderately wounded) Tha floor!
Unknown command!
Re'lly read
i - a scroll labelled VANADA SINAUC {!!.r}?
As ye read tha scroll labelled VANADA SINAUC {!!.r}, it crumbles ta dust!
It be a scroll o' enchant weapon!
Ye ar'n't carryin' any weapons tha can be enchanted!
Unknown command!
Ijyb screams, "Git away!!!"
Unknown command!
Unknown command!
Unknown command!
Castin': Magic Dart (safe; 3% risk o' failure) Confirm wit' ! or Enter, or press ? or * ta list all spells!
Aimin': Searin' Ray (safe; 4% risk o' failure)
Press: ? - help, Shift-Dir - straight line, f/p - Ijyb
Aim: Ijyb, wieldin' a +0 club, wearin' a +0 leathar armour an' carryin' a wand o' iceblast (7) (moderately wounded, 72% ta hit) Ye miscast Searin' Ray!
Ye be very lightly contaminated wit' residual magic!
Nuthin' appears ta happ'n!
Ijyb hits butt but does nay butt!
Unknown command!
Unknown command!
Unknown command!
Ijyb closely misses ye!
Unknown command!
Unknown command!
Ijyb hits ye wit' a +0 club!
Ye die!!!

Levels and vault maps discovered:
D:1:      wheals_arrival_linesprint, layout_rooms
D:2:      minmay_razor_zed, layout_basic, hellmonk_ecumenical_altar_zigzags,
          kennysheep_path_1, minmay_shallow_snake_nest
D:3:      layout_basic, ebering_ghost_rock_garden, minmay_box_of_dots, uniq_ijyb

Notes
Turn   | Place    | Note
-------+----------+-------------------------------------------
     0 | D:1      | RandomusNamus the Spriggan Conjurer began the quest for the
                  | Orb.
     0 | D:1      | Reached XP level 1. HP: 9/9 MP: 5/5
   342 | D:1      | Reached XP level 2. HP: 10/13 MP: 0/7
  1175 | D:1      | Learned a level 2 spell: Searing Ray
  1388 | D:2      | Reached XP level 3. HP: 17/17 MP: 5/8
  1627 | D:2      | Found a faded altar of an unknown god.
  1906 | D:2      | Reached XP level 4. HP: 15/21 MP: 1/10
  3817 | D:3      | Reached skill level 1 in Fighting
  4190 | D:3      | Reached XP level 5. HP: 25/25 MP: 10/12
  4275 | D:3      | Noticed Ijyb
  4284 | D:3      | Slain by Ijyb

Vanquished Creatures
  5 adders
  2 worms (D:3)
  6 dart slugs
  An orc (D:3)
  13 ball pythons
  8 bats
  3 endoplasms
  A giant cockroach (D:2)
  8 goblins
  5 hobgoblins
  5 jackals
  5 kobolds
  2 quokkas (D:2)
  4 frilled lizards
  4 rats
72 creatures vanquished.

Vanquished Creatures (others)
  2 plants (D:2)
2 creatures vanquished.

Grand Total: 74 creatures vanquished

Action                   |  1- 3 |  4- 6 || total
-------------------------+-------+-------++-------
 Cast: Magic Dart        |    95 |    89 ||   184
       Searing Ray       |       |     2 ||     2
  Use: Scroll            |       |     1 ||     1
Armor: Robe              |     7 |     1 ||     8
Dodge: Dodged            |    18 |    18 ||    36
